 Dungeon Crawl Stone Soup version 0.26.1-11-gd32895ea62 (webtiles) character file.

Game seed: 18059819071661027559

27 nomophobia the Bolt Thrower (level 3, -5/22 HPs)
             Began as a Kobold Hunter on May 18, 2021.
             Slain by Sigmund
             ... wielding a +0 scythe
              (7 damage)
             ... on level 2 of the Dungeon.
             The game lasted 00:10:01 (1320 turns).

nomophobia the Bolt Thrower (Kobold Hunter)         Turns: 1320, Time: 00:10:01

Health: -5/22      AC:  3    Str:  9    XL:     3   Next: 25%
Magic:  3/3        EV: 15    Int: 12    God:
Gold:   32         SH:  0    Dex: 16    Spells: 2/2 levels left

rFire    . . .     SeeInvis .   b - +0 dagger (freeze)
rCold    . . .     Faith    .   (shield restricted)
rNeg     . . .     Spirit   .   c - +0 leather armour
rPois    .         Reflect  .   (no helmet)
rElec    .         Harm     .   (no cloak)
rCorr    .         Rampage  .   (no gloves)
Will     .....                  (no boots)
Stlth    +++.......             (no amulet)
HPRegen  0.07/turn              (no ring)
MPRegen  0.08/turn              (no ring)

@: no status effects
A: small, nightstalker 3
a: no special abilities


You were on level 2 of the Dungeon.
You visited 1 branch of the dungeon, and saw 2 of its levels.

You collected 32 gold pieces.

Inventory:

Hand Weapons
 a - a +1 hand crossbow
 b - a +0 dagger of freezing (weapon)
Missiles
 d - 33 bolts
Armour
 c - a +0 leather armour (worn)
 n - a +2 pair of gloves
Scrolls
 e - a scroll of remove curse {unknown}
 i - a scroll of teleportation
 l - a scroll of enchant weapon {unknown}
Potions
 f - 2 potions of attraction
 h - a potion of invisibility {unknown}
 k - a potion of mutation {unknown}


   Skills:
 + Level 2.6 Fighting
 * Level 5.3 Crossbows
 + Level 2.8 Dodging
 + Level 2.2 Stealth


You had 2 spell levels left.
You didn't know any spells.
Your spell library was empty.

Dungeon Overview and Level Annotations

Branches:
Dungeon (2/15)

Altars:
Ru

Annotations:
D:2 Sigmund


Innate Abilities, Weirdness & Mutations

You are small and have problems with some larger weapons.
You are completely attuned to the shadows.


Message History

b - a +0 dagger of freezing (weapon)
You closely miss something. Something hits you. Something barely misses you.
You closely miss something. You hit something. You freeze something.
Something hits you but does no damage.
You hit something but do no damage. Something hits you.
You barely miss something. You miss something. Something hits you!
* * * LOW HITPOINT WARNING * * *
It was a potion of heal wounds.
You feel much better.
You hear some strange, mumbled words.
A magic dart appears from out of thin air!
The magic dart hits you.
You hit something but do no damage. Something barely misses you.
You closely miss something. You miss something. Something hits you!
Ouch! That really hurt!
* * * LOW HITPOINT WARNING * * *
You hit something. You freeze something. Something hits you!
You die...

#.......#..##.#
#<......#
#.......#).##.#
#.#######
####........).#
#..#
######.###.###..##
#.# #..#... #..#
#....#.
(.#####.....
...#....>#.#
((.{@###.# .
.....# ... .....#
.#. (....# ....##


There were no monsters in sight!

Vanquished Creatures
  A bat (D:1)
  2 giant cockroaches (D:1)
  4 goblins
  A hobgoblin (D:2)
  4 jackals (D:1)
  4 kobolds
  9 rats
25 creatures vanquished.

Notes
Turn   | Place    | Note
-------+----------+-------------------------------------------
     0 | D:1      | nomophobia the Kobold Hunter began the quest for the Orb.
     0 | D:1      | Reached XP level 1. HP: 12/12 MP: 1/1
   234 | D:1      | Reached skill level 5 in Crossbows
   234 | D:1      | Reached XP level 2. HP: 17/18 MP: 2/2
   859 | D:1      | Reached XP level 3. HP: 22/22 MP: 3/3
  1240 | D:2      | Found a sacrificial altar of Ru.
  1296 | D:2      | Noticed Sigmund
  1315 | D:2      | HP: 1/22 [something (9)]
  1320 | D:2      | Slain by Sigmund

Illustrated notes

Levels and vault maps discovered:
D:1:      heliophobic_arrival_ceremonial_halls, layout_basic,
          minmay_heptomino_l4
D:2:      layout_rooms, hangedman_ru_absence, uniq_sigmund

Skill      XL: |  1  2 |
---------------+-------+-----
Crossbows      | 5 |  5.3
Stealth        | 2 |  2.2
Fighting       | |  2.6
Dodging        | |  2.8

Action                   || total
-------------------------++-------
Melee: Short sword       ||     9
       Dagger            ||    10
 Fire: Hand crossbow     ||    50
  Use: Scroll            ||     4
       Potion            ||     1
Armor: Leather armour    ||     8
Dodge: Dodged            ||    32
